Map: Frozen Temple

Players

Rodzyn

  • Race: Protoss Protoss
  • League: Grandmaster

Miszu - Winner!

  • Race: Terran Terran
  • League: Grandmaster

VOD

Have the link to the VOD?

Description

Time

  • Played on: June 3, 2016, 12:25 p.m.
  • Length: 9:32
Show
View Real Time Build Order
Export as new Build Order

Rodzyn Protoss 

Build Orders: 1 Gate Expand, Zealot Archon, Colossus Rush 

Get SALT Encoding   

  12  0:02  Probe (Chrono Boost)  
  13  0:12  Probe (Chrono Boost)  
  14  0:18  Pylon  
  14  0:23  Probe (Chrono Boost)  
  15  0:36  Probe (Chrono Boost)  
  15  0:37  Gateway  
  16  0:46  Probe (Chrono Boost)  
  16  0:48  Assimilator  
  17  0:57  Probe (Chrono Boost)  
  18  1:08  Probe (Chrono Boost)  
  19  1:22  Nexus  
  19  1:25  Probe (Chrono Boost)  
  20  1:36  Assimilator, Probe (Chrono Boost)  
  21  1:47  Pylon  
  21  1:48  Probe (Chrono Boost)  
  22  2:00  Cybernetics Core  
  23  2:01  Probe (Chrono Boost)  
  23  2:12  Probe (Chrono Boost)  
  24  2:22  Probe (Chrono Boost)  
  25  2:33  Stalker (Chrono Boost), Probe (Chrono Boost)  
  25  2:37  Mothership Core  
  29  2:39  Warp Gate (Chrono Boost)  
  29  2:42  Robotics Facility  
  30  2:44  Probe  
  31  2:56  Probe  
  31  2:58  Stalker, Probe  
  35  3:08  Pylon, Probe  
  35  3:10  Probe  
  37  3:20  Probe  
  37  3:22  Probe  
  39  3:27  Gateway  
  39  3:28  Gateway  
  39  3:29  Observer (Chrono Boost), Stalker  
  42  3:35  Probe  
  42  3:37  Probe  
  44  3:43  Assimilator  
  44  3:44  Assimilator  
  44  3:48  Observer (Chrono Boost), Probe  
  46  3:49  Probe  
  47  3:57  Pylon  
  47  3:58  Stalker  
  47  4:00  Probe  
  47  4:01  Probe  
  51  4:12  Probe  
  51  4:13  Probe  
  49  4:25  Pylon  
  48  4:33  Probe (Chrono Boost)  
  48  4:36  Probe (Chrono Boost)  
  50  4:41  Robotics Bay  
  50  4:47  Probe (Chrono Boost)  
  50  4:49  Probe (Chrono Boost)  
  52  4:58  Probe (Chrono Boost)  
  52  4:59  Observer  
  54  5:01  Probe (Chrono Boost)  
  55  5:09  Probe (Chrono Boost)  
  55  5:10  Nexus  
  55  5:12  Probe (Chrono Boost)  
  57  5:16  Pylon  
  57  5:20  Probe (Chrono Boost)  
  57  5:25  Probe (Chrono Boost)  
  58  5:30  Colossus (Chrono Boost)  
  58  5:34  Sentry x2  
  68  5:40  Extended Thermal Lance (Chrono Boost)  
  68  5:43  Probe  
  69  5:51  Pylon  
  69  5:56  Probe  
  69  5:57  Probe  
  71  6:06  Probe  
  71  6:08  Pylon  
  72  6:15  Adept, Forge  
  72  6:16  Forge  
  72  6:18  Twilight Council, Observer (Chrono Boost), Pylon  
  75  6:24  Stalker x2  
  79  6:29  Probe x2  
  79  6:30  Probe  
  79  6:32  Colossus (Chrono Boost)  
  88  6:41  Probe  
  89  6:53  Gateway  
  89  6:55  Gateway  
  89  6:57  Gateway  
  89  6:59  Sentry, Stalker  
  89  7:01  Stalker  
  95  7:05  Probe x2  
  97  7:08  Blink (Chrono Boost)  
  97  7:10  Archon  
  95  7:26  Stalker  
  95  7:27  Adept, Stalker  
  93  7:33  Colossus  
  84  7:51  Stalker x3  
  84  7:52  Stalker x2  
  84  7:53  Stalker  
  96  8:06  Nexus  
  96  8:30  Adept x4  
  102  8:37  Pylon x2  
  102  8:38  Pylon x2  
  100  8:43  Pylon  
  100  8:44  Mothership Core  
  108  8:56  Adept x3  
  79  9:11  Adept x3  
  71  9:28  Stalker x3  
Show
View Real Time Build Order
Export as new Build Order

Miszu Terran - Winner!

Build Orders: 1/1/1, MMM Bio 

Get SALT Encoding   

  12  0:01  SCV  
  13  0:14  SCV  
  14  0:20  Supply Depot  
  14  0:24  Refinery  
  14  0:29  SCV  
  15  0:42  SCV  
  16  0:47  Barracks  
  16  0:54  SCV  
  17  1:06  SCV  
  18  1:18  SCV  
  20  1:34  Orbital Command  
  20  1:35  Marine  
  20  1:38  Factory  
  20  1:46  Supply Depot  
  20  1:52  Marine  
  21  2:00  SCV  
  22  2:10  Marine  
  22  2:12  SCV  
  24  2:22  Widow Mine  
  24  2:23  Starport  
  24  2:25  SCV  
  24  2:29  Marine  
  28  2:32  Supply Depot  
  28  2:37  SCV  
  29  2:48  Command Center  
  29  2:50  SCV  
  30  2:57  Refinery  
  30  3:00  Medivac  
  30  3:01  Widow Mine  
  34  3:07  Marine  
  34  3:12  SCV  
  36  3:18  Supply Depot  
  36  3:25  Barracks Reactor  
  36  3:26  SCV  
  37  3:35  Factory Tech Lab  
  37  3:40  Barracks, SCV  
  38  3:42  Barracks  
  38  3:51  Engineering Bay  
  38  3:52  SCV  
  38  3:54  Siege Tank  
  42  4:02  Orbital Command  
  42  4:05  SCV  
  39  4:29  Marine x2  
  39  4:30  Barracks Tech Lab x2  
  39  4:31  Siege Tank  
  43  4:32  SCV  
  43  4:34  Starport Reactor  
  43  4:37  SCV  
  43  4:43  Refinery  
  43  4:44  SCV  
  44  4:47  Marine  
  44  4:49  SCV  
  44  4:52  Marine x2  
  48  4:54  Stimpack  
  48  4:56  Marine, SCV  
  50  5:01  SCV  
  50  5:04  Marine  
  52  5:10  Marine  
  52  5:11  Marauder  
  52  5:13  SCV  
  52  5:14  SCV  
  57  5:15  Supply Depot  
  57  5:21  Marauder  
  59  5:23  Siege Tank  
  62  5:33  Terran Infantry Weapons Level 1  
  62  5:36  Marine x3, SCV x2  
  62  5:38  Supply Depot  
  67  5:46  Barracks  
  67  5:47  Barracks  
  67  5:53  Combat Shields  
  67  5:54  Marine  
  69  5:57  Marine x2  
  70  6:06  Medivac  
  70  6:09  Medivac  
  74  6:13  Supply Depot, SCV  
  74  6:14  SCV  
  74  6:15  Supply Depot  
  74  6:16  Marine x2  
  78  6:30  Refinery  
  78  6:34  Barracks Reactor, Marine x2  
  78  6:35  Barracks Reactor, SCV x2, Liberator  
  78  6:36  Factory Reactor  
  82  6:40  Supply Depot  
  82  6:45  Marine x2  
  82  6:47  Liberator  
  84  6:48  SCV x2  
  84  6:53  Marauder x2  
  93  7:00  SCV  
  94  7:02  Supply Depot  
  94  7:03  Marine  
  98  7:09  Concussive Shells  
  97  7:27  Marine  
  97  7:28  Marine x4, Marauder x2, Widow Mine  
  97  7:29  Widow Mine  
  101  7:45  Marine x2  
  101  7:46  Marine  
  101  7:49  Marauder x2  
  108  7:55  Marine x2  
  110  7:59  Liberator  
  110  8:07  Supply Depot x2  
  110  8:10  Marauder, Liberator  
  110  8:11  Engineering Bay  
  110  8:12  Command Center  
  116  8:14  Armory  
  116  8:16  Marine x2  
  117  8:30  Supply Depot  
  117  8:33  Marauder x2  
  118  8:52  Marine x2  
  118  8:53  Marine x2, Siege Tank  
  118  8:54  Marauder x2  
  129  8:59  Medivac  
  111  9:13  Marine  
  111  9:14  Marine  
Tags
 
Add a new tag
Caveats
  • Supply blocks, unpowered buildings, or Contaminate may cause inaccurate times.
  • Supply counts are checked every 10 seconds.